 Dungeon Crawl Stone Soup version 0.31.0-9-g3a7656b989 (webtiles) character file.

Game seed: 10666148652792589010

210 qw the Shooter (level 5, -5/24 (26) HPs)
             Began as a Spriggan Hunter on Feb 2, 2024.
             Shot with a bolt by an orc warrior (10 damage)
             ... on level 5 of the Dungeon.
             The game lasted 00:00:09 (2797 turns).

qw the Shooter (Spriggan Hunter)                    Turns: 2797, Time: 00:00:10

HP:   -5/24 (26)    AC:  4    Str: 13    XL:     5   Next: 56%
MP:   6/6           EV: 20    Int: 11    God:
Gold: 193           SH:  0    Dex: 20    Spells: 4/4 levels left

rFire   + . .        a - +5 shortbow
rCold   + . .        (shield currently unavailable)
rNeg    . . .        g - +2 robe {rC+ rF+}
rPois   .            (helmet restricted)
rElec   .            (no cloak)
rCorr   .            (gloves unavailable)
SInv    +            (boots unavailable)
Will    .....        (no amulet)
Stlth   ++           h - +6 ring of strength
HPRegen 0.24/turn    (no ring)
MPRegen 0.10/turn

%: no passive effects
@: hasted, drained, very quick
A: very small, no large weapons, unfitting armour, see invisible, speed 3
a: no special abilities


You were on level 5 of the Dungeon.
You visited 1 branch of the dungeon, and saw 5 of its levels.

You collected 193 gold pieces.


Innate Abilities, Weirdness & Mutations

You are very small and have problems with some larger weapons.
You are too small for most types of armour.
You have supernaturally acute eyesight. (SInv)
You cover ground extremely quickly. (Speed+++)


   Skills:
 - Level 2.2 Fighting
 + Level 5.7 Ranged Weapons
 - Level 5.0 Dodging
 - Level 1.5 Stealth


You had 4 spell levels left.
You didn't know any spells.
Your spell library was empty.

Inventory:

Hand Weapons
 a - a +5 shortbow (weapon)
Armour
 g - a +2 robe of resistance (worn)
Jewellery
 h - a +6 ring of strength (left hand)
Wands
 c - a wand of digging (2)
 m - a wand of paralysis (19)
Potions
 d - a potion of curing
 f - a potion of resistance
 i - a potion of attraction {unknown}
 k - a potion of lignification {unknown}
 l - a potion of degeneration {unknown}

Dungeon Overview and Level Annotations

Branches:
Dungeon (5/15)
 Temple: D:4-7

Altars:

Annotations:
D:3 1 runed translucent door, Crazy Yiuf
D:4 exclusion: moth of wrath


Message History

You kill the quokka!
You see here a quokka corpse.
There is an escape hatch in the floor here.
There is an escape hatch in the floor here.
Partly explored, can't reach some places.
Partly explored, can't reach some places.
2684 ||| READING scroll labelled ETUREKHLUNE.
As you read the scroll labelled ETUREKHLUNE, it crumbles to dust.
A wave of despondency washes over your surroundings.
It was a scroll of vulnerability.
You start waiting.
You feel your willpower return.
Done waiting.
Partly explored, can't reach some places.
2785 ||| READING 2 scrolls labelled YNTIF ZUXITOE.
As you read the scroll labelled YNTIF ZUXITOE, it crumbles to dust.
You hear a loud clanging noise!
It was a scroll of noise.
You hear a loud squeak.
Partly explored, can't reach some places.
2786 ||| DROPPING scroll of noise.
You drop a scroll of noise.
Partly explored, can't reach some places.
What level of the Dungeon? (default 4, ? - help)
There is a stone staircase leading down here.
You climb downwards.
You hear the hiss of flowing sand.
There is an entrance to an ossuary on this level.
Hurry and find it before the portal is buried!
The orc warrior shouts!
The orc shouts! x4; You hear an angry hiss.
Found a large bone ring, a robe and 3 gold pieces.
There is a stone staircase leading up here.
There are monsters nearby!
Waypoint 4 assigned to D:5.
2797 ||| PLANNING OSSUARY
2797 ||| DRINKING potion of haste.
You feel yourself speed up.
The orc warrior unwields a +0 battleaxe.
The orc warrior wields a +1 arbalest of draining.
You sense an unholy aura.
The orc warrior shoots a bolt.
The bolt hits you!!
Ouch! That really hurt!
You feel drained.
You die...

#####
####...##
#...@oo[#
#.........#
#...........#
.......o...S.#
............$#
............##
....o.o....##
#.##.......#


You could see an orc warrior, an adder and 4 orcs.

Vanquished Creatures
  A bombardier beetle (D:4)
  A jelly (D:4)
  An orc wizard (D:3)
  6 adders
  A dart slug (D:3)
  2 ribbon worms
  3 orcs
  3 ball pythons
  5 endoplasms
  3 giant cockroaches
  3 hobgoblins
  11 kobolds
  3 quokkas
  4 bats
  3 frilled lizards
  4 goblins
  4 rats
58 creatures vanquished.

Notes
Turn   | Place    | Note
-------+----------+-------------------------------------------
     0 | D:1      | qw the Spriggan Hunter began the quest for the Orb.
     0 | D:1      | Reached XP level 1. HP: 10/10 MP: 2/2
     0 | D:1      | 0 ||| qw: Version: 0.3-a-155-g5e7d8dd
     0 | D:1      | 0 ||| qw: Game counter: 1198
     0 | D:1      | 0 ||| qw: Melee chars always use a shield: true
     0 | D:1      | 0 ||| qw: God list: Okawaru
     0 | D:1      | 0 ||| qw: Allow faded altars: false
     0 | D:1      | 0 ||| qw: Do Orc after clearing Dungeon:15 true
     0 | D:1      | 0 ||| qw: Do second Lair branch before Depths: true
     0 | D:1      | 0 ||| qw: Lair rune preference: random
     0 | D:1      | 0 ||| qw: Goals: Normal
     0 | D:1      | 0 ||| PLANNING D:1-11
    32 | D:1      | Reached skill level 3 in Dodging
   380 | D:1      | Reached XP level 2. HP: 14/14 MP: 3/3
   447 | D:1      | Found a faded altar of an unknown god.
   652 | D:1      | 652 ||| UPGRADING to +0 robe of resistance.
   662 | D:1      | 662 ||| DROPPING +0 robe.
   663 | D:1      | 663 ||| UPGRADING to +6 ring of strength.
   664 | D:1      | 664 ||| READING 3 scrolls labelled UNNELI IDEPH.
   664 | D:1      | 664 ||| ENCHANTING +0 shortbow.
   665 | D:1      | 665 ||| READING 2 scrolls of enchant weapon.
   665 | D:1      | 665 ||| ENCHANTING +1 shortbow.
   666 | D:1      | 666 ||| READING scroll of enchant weapon.
   666 | D:1      | 666 ||| ENCHANTING +2 shortbow.
   667 | D:1      | 667 ||| DROPPING scroll of butterflies.
   712 | D:2      | Reached XP level 3. HP: 18/18 MP: 4/4
  1262 | D:2      | 1262 ||| DROPPING scarf of invisibility.
  1263 | D:2      | 1263 ||| DROPPING ring of flight.
  1264 | D:2      | 1264 ||| READING 2 scrolls labelled YLAINIOVVE.
  1264 | D:2      | 1264 ||| ENCHANTING +0 robe of resistance.
  1265 | D:2      | 1265 ||| READING scroll of enchant armour.
  1265 | D:2      | 1265 ||| ENCHANTING +1 robe of resistance.
  1299 | D:3      | Reached XP level 4. HP: 20/22 MP: 5/5
  1305 | D:3      | HP: 4/22 [orc/+0 falchion (5)]
  1312 | D:3      | 1312 ||| FLEEEEING.
  1313 | D:3      | 1313 ||| FLEEEEING.
  2082 | D:3      | Found a runed translucent door.
  2083 | D:3      | Noticed Crazy Yiuf
  2086 | D:3      | 2086 ||| READING 2 scrolls labelled LIQUUT BONLUMM.
  2086 | D:3      | 2086 ||| IDENTIFYING puce potion
  2087 | D:3      | 2087 ||| READING scroll of identify.
  2087 | D:3      | 2087 ||| IDENTIFYING fizzy silvery potion
  2088 | D:3      | 2088 ||| READING scroll labelled HOARGH RIENUYL.
  2166 | D:3      | 2166 ||| READING scroll labelled ILUKUY XOPLIUH.
  2167 | D:3      | 2167 ||| READING scroll labelled DEWNUG MIFYLODD.
  2168 | D:3      | 2168 ||| DRINKING 2 golden potions.
  2240 | D:4      | 2240 ||| STAIRDANCE
  2244 | D:4      | 2244 ||| STAIRDANCE
  2248 | D:4      | 2248 ||| STAIRDANCE
  2255 | D:4      | 2255 ||| STAIRDANCE
  2322 | D:4      | Reached XP level 5. HP: 26/26 MP: 6/6
  2393 | D:4      | Noticed a moth of wrath
  2410 | D:4      | 2410 ||| READING 2 scrolls of enchant weapon.
  2410 | D:4      | 2410 ||| ENCHANTING +3 shortbow.
  2411 | D:4      | 2411 ||| READING scroll of enchant weapon.
  2411 | D:4      | 2411 ||| ENCHANTING +4 shortbow.
  2684 | D:4      | 2684 ||| READING scroll labelled ETUREKHLUNE.
  2785 | D:4      | 2785 ||| READING 2 scrolls labelled YNTIF ZUXITOE.
  2786 | D:4      | 2786 ||| DROPPING scroll of noise.
  2796 | D:5      | Entered Level 5 of the Dungeon
  2796 | D:5      | Noticed an orc warrior
  2797 | D:5      | 2797 ||| PLANNING OSSUARY
  2797 | D:5      | 2797 ||| DRINKING potion of haste.
  2797 | D:5      | HP: 5/26 [orc warrior/bolt (21)]
  2797 | D:5      | Shot with a bolt by an orc warrior

Levels and vault maps discovered:
D:1:      dpeg_arrival_round_a, layout_loops_ring,
          chequers_ecumenical_altar_simple_redux
D:2:      layout_loops_ring, minmay_strange_pillars
D:3:      layout_loops_corners, uniq_crazy_yiuf_cottage
D:4:      layout_cave_pools, tgw_trog
D:5:      layout_cave_pods, mainiacjoe_ossuary_entry_dusty_tomb

Skill      XL: |  1  2  3  4 |
---------------+-------------+-----
Dodging        | 3 4 5 |  5.0
Ranged Weapons | 5 |  5.7
Fighting       | 2 |  2.2
Stealth        | |  1.5

Action                     |  1- 3 |  4- 6 || total
---------------------------+-------+-------++-------
   Fire: Shortbow          |    59 |    69 ||   128
    Use: Scroll            |     5 |     9 ||    14
         Potion            |       |     2 ||     2
 Armour: Robe              |     1 |    10 ||    11
  Dodge: Dodged            |    11 |    21 ||    32

Table legend:
 A = Non-vault XP
 B = Vault XP
 C = Vault XP percentage of total XP
 D = Non-vault monster count
 E = Vault monster count
 F = Vault count percentage of total count
                 A         B        C        D         E       F
            +---------+---------+-------+---------+---------+-------
      Total |     300 |       0 |   0.0 |      58 |       0 |   0.0
            +---------+---------+-------+---------+---------+-------
        D:1 |      16 |       0 |   0.0 |      11 |       0 |   0.0
        D:2 |      62 |       0 |   0.0 |      16 |       0 |   0.0
        D:3 |      98 |       0 |   0.0 |      17 |       0 |   0.0
        D:4 |     124 |       0 |   0.0 |      14 |       0 |   0.0
            +---------+---------+-------+---------+---------+-------
